 Dungeon Crawl Stone Soup version 0.26-a0-658-gbdda728c12 (webtiles) character file.

Game seed: 9516845505251213389

1528 flotson the Cudgeler (level 8, -4/61 HPs)
             Began as a Demonspawn Berserker on Oct 4, 2020.
             Was an Elder of Trog.
             Slain by an ogre
             ... wielding a +0 giant club
              (15 damage)
             ... on level 5 of the Dungeon.
             The game lasted 00:09:51 (6520 turns).

flotson the Cudgeler (Demonspawn Berserker)         Turns: 6520, Time: 00:09:52

Health: -4/61      AC:  7    Str: 19    XL:     8   Next: 55%
Magic:  0/8        EV:  9    Int: 10    God:    Trog [****..]
Gold:   239        SH:  8    Dex: 12    Spells: 7/7 levels left

rFire    . . .     SeeInvis .   b - +1 flail (protect)
rCold    . . .     Faith    +   p - +0 kite shield
rNeg     . . .     Spirit   +   q - +1 ring mail {MR+}
rPois    .         Reflect  .   (no helmet)
rElec    .         Harm     .   (no cloak)
rCorr    .         Rampage  .   (no gloves)
MR       +....                  (no boots)
Stlth    +.........             z - amulet of faith
HPRegen  0.20/turn              (no ring)
MPRegen  0.11/turn              (no ring)

@: no status effects
A: claws 1, foul stench 1, magic shield, rot immunity, sharp scales 1
a: Berserk, Trog's Hand, Brothers in Arms, Renounce Religion


You were on level 5 of the Dungeon.
You worshipped Trog.
Trog was greatly pleased with you.
You visited 1 branch of the dungeon, and saw 5 of its levels.
You also visited: Ossuary.

You collected 239 gold pieces.

Inventory:

Hand Weapons
 b - a +1 flail of protection (weapon)
 x - a +3 dagger of venom
Missiles
 o - 13 poisoned darts (quivered)
Armour
 p - a +0 kite shield (worn)
 q - a +1 ring mail of magic resistance (worn)
Jewellery
 z - an amulet of faith (around neck)
Wands
 f - a wand of iceblast (10)
 y - a wand of digging (6)
Scrolls
 d - 4 scrolls of amnesia {unknown}
 e - 6 scrolls of identify
 g - 3 scrolls of magic mapping {unknown}
 h - a scroll of enchant weapon {unknown}
 j - 2 scrolls of fear {unknown}
 k - a scroll of random uselessness {unknown}
 l - a scroll of fog {unknown}
 m - 2 scrolls of teleportation {unknown}
 t - 2 scrolls of immolation {unknown}
 v - 3 scrolls of remove curse {unknown}
Potions
 a - a potion of invisibility {unknown}
 c - 3 potions of haste
 i - 2 potions of stabbing
 n - 2 potions of magic
 r - 3 potions of might
 s - a potion of cancellation
 u - 2 potions of heal wounds
 w - 3 potions of flight
 A - a potion of resistance {unknown}


   Skills:
 + Level 4.7 Fighting
 + Level 5.8 Maces & Flails
   Level 4.5 Polearms
 + Level 2.1 Throwing
 + Level 3.6 Armour
 + Level 3.4 Dodging
 + Level 1.1 Stealth
 + Level 2.3 Shields


You had 7 spell levels left.
You didn't know any spells.
Your spell library was empty.

Dungeon Overview and Level Annotations

Branches:
Dungeon (5/15)             Temple (0/1) D:4         Ossuary (visited)

Altars:
Ashenzari
Elyvilon
Fedhas
Kikubaaqudgha
Okawaru
Uskayaw
The Shining One

Annotations:
D:5 1 runed translucent door, ringo67's ghost, novice OpTm


Innate Abilities, Weirdness & Mutations

You have sharp fingernails.
You may emit foul miasma when damaged in melee.
When hurt, damage is shared between your health and your magic reserves.
You are immune to rotting.
You are partially covered in razor-sharp scales. (AC +1, Slay +1)


Message History

You throw a poisoned dart. The poisoned dart hits the worker ant.
The worker ant is almost dead.
The worker ant bites you!
Throwing (i - inventory)
o - 15 poisoned darts (quivered)
Press: ? - help, Shift-Dir - straight line, f/p - worker ant
Aim: a worker ant (almost dead, sick)
You throw a poisoned dart. The poisoned dart hits the worker ant.
The worker ant is poisoned.
The worker ant is almost dead.
You kill the worker ant!
Trog accepts your kill.
Throwing (i - inventory)
o - 14 poisoned darts (quivered)
Press: ? - help, Shift-Dir - straight line, f - ogre
Aim: an ogre, wielding a +0 giant club (sick)
You throw a poisoned dart.
The poisoned dart barely misses the ogre.
The ogre hits you with a +0 giant club!
* * * LOW HITPOINT WARNING * * *
You barely miss the ogre. The ogre hits you with a +0 giant club!
You die...

#.>................#.##..........
#..............).........8.......
#.#.#...#####..####..###.....)!..
#.#.#.......#..####..# #.8..._...
#.#.#.#.###.#..##....# #....###).
#.........# #..###.#.#####...(...
##.##..##.# #...........(†..##...
.......# .#.########..####..##...
#.####.##.#.....@O...(# #..##...
............#########.## #..##...
#.......#.#.# #..# #..#####
..#.......# #####..###..#
..#.......... .........##..#
............. .............#
............. .......#..##.#
.##########.# ######.##.##.#
..........#.# #.##..#.#


You could see an ogre (sick).

Vanquished Creatures
  Grinder (D:5)
  Edmund (D:4)
  Duvessa (D:4)
  2 ogres
  An elf zombie (Ossuary)
  Blork the orc (D:5)
  A bullfrog (D:5)
  Dowan (D:4)
  A water moccasin skeleton (D:4)
  2 howler monkeys
  A hound (D:4)
  A jelly (D:5)
  2 centaur zombies (Ossuary)
  2 human zombies (Ossuary)
  An orc priest (D:5)
  Ijyb (D:3)
  2 orc wizards (D:5)
  2 worker ants
  2 big kobold zombies (Ossuary)
  2 mummies (Ossuary)
  5 adders
  A shadow imp (D:5)
  An ooze (D:3)
  An adder zombie (D:5)
  An adder skeleton (D:4)
  3 worms
  8 leopard geckos
  9 orcs
  A bat (D:2)
  2 bat zombies (D:4)
  4 giant cockroaches
  5 goblins
  4 hobgoblins
  15 jackals
  3 quokkas
  A ball python (D:1)
  4 frilled lizards
  10 hobgoblin zombies (Ossuary)
  2 jackal zombies (Ossuary)
  13 kobolds
  8 kobold zombies (Ossuary)
  10 orc zombies (Ossuary)
  24 rats
  2 rat zombies (D:4)
165 creatures vanquished.

Notes
Turn   | Place    | Note
-------+----------+-------------------------------------------
     0 | D:1      | flotson the Demonspawn Berserker began the quest for the
                  | Orb.
     0 | D:1      | Reached XP level 1. HP: 18/18 MP: 1/1
   356 | D:1      | Gained mutation: You have sharp fingernails. [demonic
                  | ancestry]
   356 | D:1      | Reached XP level 2. HP: 24/24 MP: 2/2
   778 | D:1      | Reached XP level 3. HP: 27/29 MP: 3/3
  1384 | D:2      | Reached ** piety under Trog
  1953 | D:2      | Noticed an ogre
  1960 | D:2      | Killed an ogre
  1960 | D:2      | Reached XP level 4. HP: 37/37 MP: 4/4
  1960 | D:2      | Gained mutation: You are immune to rotting. [demonic
                  | ancestry]
  1960 | D:2      | Reached XP level 5. HP: 42/42 MP: 5/5
  2299 | D:2      | Found an iron altar of Okawaru.
  2952 | D:3      | Found a broken altar of Ashenzari.
  3054 | D:3      | Noticed Ijyb
  3072 | D:3      | Killed Ijyb
  3816 | D:4      | Reached *** piety under Trog
  3824 | D:4      | Found an ancient bone altar of Kikubaaqudgha.
  3927 | D:4      | Noticed an ogre
  3927 | D:4      | Noticed Dowan
  3935 | D:4      | Killed an ogre
  3935 | D:4      | Reached skill level 1 in Maces & Flails
  3935 | D:4      | Gained mutation: You are partially covered in razor-sharp
                  | scales. (AC +1, Slay +1) [demonic ancestry]
  3935 | D:4      | Reached XP level 6. HP: 13/48 MP: 6/6
  3939 | D:4      | Killed Dowan
  3939 | D:4      | Reached skill level 2 in Maces & Flails
  4236 | D:4      | Found a white marble altar of Elyvilon.
  4413 | D:4      | Reached skill level 3 in Maces & Flails
  4478 | D:4      | Noticed Edmund
  4493 | D:4      | Killed Edmund
  4493 | D:4      | Gained mutation: You may emit foul miasma when damaged in
                  | melee. [demonic ancestry]
  4493 | D:4      | Reached XP level 7. HP: 50/54 MP: 7/7
  4650 | D:4      | Found a staircase to the Ecumenical Temple.
  4674 | D:4      | Found a glowing golden altar of the Shining One.
  4780 | D:4      | Noticed Duvessa
  4793 | D:4      | Killed Duvessa
  4793 | D:4      | Reached skill level 1 in Shields
  5135 | D:5      | Entered Level 5 of the Dungeon
  5168 | D:5      | Reached skill level 1 in Throwing
  5429 | D:5      | Reached skill level 4 in Maces & Flails
  5704 | D:5      | Found a sand-covered staircase.
  5713 | Ossuary  | Entered an ossuary
  5814 | Ossuary  | Reached **** piety under Trog
  5864 | Ossuary  | Gained mutation: When hurt, damage is shared between your
                  | health and your magic reserves. [demonic ancestry]
  5864 | Ossuary  | Reached XP level 8. HP: 46/61 MP: 8/8
  6177 | D:5      | Found a runed translucent door.
  6177 | D:5      | Noticed ringo67's ghost (novice OpTm)
  6236 | D:5      | Reached skill level 5 in Maces & Flails
  6376 | D:5      | Found a blossoming altar of Fedhas.
  6390 | D:5      | Noticed Grinder
  6394 | D:5      | Paralysed by Grinder for 2 turns
  6400 | D:5      | Killed Grinder
  6400 | D:5      | Reached skill level 1 in Stealth
  6430 | D:5      | Noticed Blork the orc
  6438 | D:5      | Killed Blork the orc
  6475 | D:5      | Found a hide-covered altar of Uskayaw.
  6520 | D:5      | Slain by an ogre

Illustrated notes

Levels and vault maps discovered:
D:1:      eino_arrival_tree_alley, layout_basic, minmay_tromino_v7
D:2:      minmay_wonky_spiral, layout_loops_cross, marbit_many_paths
D:3:      layout_loops_corners, lemuel_doored_altar, minmay_rat_hole, uniq_ijyb
D:4:      layout_loops_ring, kennysheep_mini_moat,
          nicolae_overflow_crystal_walls, lemuel_zombie_altar_kikubaaqudgha,
          minmay_temple_entry_glassed_door, minmay_misc_feat_rugged,
          hangedman_decor_opposing, minmay_cupped, uniq_duvessa, uniq_edmund
D:5:      layout_basic, eat_drink_and_be_merry_uskayaw,
          lemuel_coloured_pillars_altar, lightli_ossuary_entry_decrepit_ruins,
          ebering_ghost_sewer_d, minmay_crystal_water,
          nicolae_tso_besieged_by_evil, uniq_grinder, uniq_blork_the_orc

Skill      XL: |  1  2  3  4  5  6  7  8 |
---------------+-------------------------+-----
Polearms       | 3 4 |  4.5
Armour         | 2 3 |  3.6
Dodging        | 2 3 |  3.4
Fighting       | 4 |  4.7
Maces & Flails | 1 3 4 5 |  5.8
Shields        | 1 2 |  2.3
Throwing       | 2 |  2.1
Stealth        | 1 |  1.1

Action                   |  1- 3 |  4- 6 |  7- 9 || total
-------------------------+-------+-------+-------++-------
Melee: Spear             |   156 |    44 |       ||   200
       Flail             |       |   171 |   231 ||   402
Throw: Dart              |       |     9 |    28 ||    37
Invok: Berserk           |     2 |     3 |     3 ||     8
       Trog's Hand       |     1 |       |       ||     1
  Use: Potion            |       |     3 |       ||     3
       Scroll            |       |     7 |       ||     7
 Stab: Sleeping          |     3 |       |       ||     3
Armor: Animal skin       |     7 |       |       ||     7
       Leather armour    |    20 |    11 |       ||    31
       Ring mail         |       |    94 |   110 ||   204
Dodge: Dodged            |    74 |   103 |    99 ||   276
Block: Kite shield       |       |    66 |   108 ||   174

Table legend: (Time is in decaauts)
 A = Elapsed time spent in this place.
 B = Non-inter-level travel time spent in this place.
 C = Inter-level travel time spent in this place.
 D = Time resting spent in this place.
 E = Time spent auto-exploring this place.
 F = Levels seen in this place.
 G = Mean time per level.
                   A        B        C        D        E       F      G
               +--------+--------+--------+--------+--------+-----+--------+
         Total |   6682 |   6499 |    183 |    542 |   4703 |   6 | 1113.7 |
       Dungeon |   6222 |   6039 |    183 |    542 |   4467 |   5 | 1244.4 |
       Ossuary |    459 |    459 |      0 |      0 |    236 |   1 |  459.0 |
               +--------+--------+--------+--------+--------+-----+--------+

Top non-repeatable levels by time:
     D:4: 1429 daAuts
     D:3: 1427 daAuts
     D:2: 1287 daAuts
     D:1: 1085 daAuts
     D:5: 992 daAuts
 Ossuary: 459 daAuts
